 Dungeon Crawl Stone Soup version 0.15-a0-335-g04a2ae6 (webtiles) character file.

17483 Infinimo the Fencer (level 12, -3/72 HPs)
             Began as a High Elf Berserker on May 1, 2014.
             Was a High Priest of Trog.
             Slain by a komodo dragon zombie (13 damage)
             ... on Level 3 of the Lair of Beasts.
             The game lasted 00:45:58 (17308 turns).

Infinimo the Fencer (High Elf Berserker)           Turns: 17308, Time: 00:45:58

HP  -3/72        AC 11     Str 18      XL: 12   Next: 14%
MP  19/19        EV 18     Int 13      God: Trog [*****.]
Gold 574         SH  0     Dex 17      Spells:  0 memorised, 11 levels left

rFire  . . .     SeeInvis +     I - +8,+10 great sword of Breach {vamp, rPois rN+ SInv Stlth+}
rCold  . . .     Clarity  .     D - +0 ring mail {MR+}
rNeg   + . .     Conserve .     (no shield)
rPois  +         rCorr    .     A - +2 hat
rElec  .         rRot     .     m - +2 cloak
SustAb . .       Spirit   .     (no gloves)
rMut   +         Warding  .     h - +0 pair of boots
Saprov . . .     Stasis   .     k - amulet of resist mutation
MR     +++..                    t - ring of protection from magic
                                G - ring of regeneration

@: extremely resistant to hostile enchantments, unstealthy
A: no striking features
a: Burn Spellbooks, Berserk, Trog's Hand, Brothers in Arms, Renounce Religion


You were on level 3 of the Lair of Beasts.
You worshipped Trog.
Trog was extremely pleased with you.
You were not hungry.

You visited 2 branches of the dungeon, and saw 13 of its levels.
You also visited: Labyrinth.

You collected 1010 gold pieces.
You spent 436 gold pieces at shops.

Inventory:

Hand weapons
 H - the -1,+3 great sword of Yrucs {vamp, +Rage MR+ Int+3, unknown}
   (Trog gifted it to you on level 3 of the Lair of Beasts)

   It inflicts no extra harm, but heals its wielder somewhat when it strikes a
   living foe.
   It affects your intelligence (+3).
   It affects your resistance to hostile enchantments.
   It lets you go berserk.
 I - the +8,+10 great sword of Breach (weapon) {vamp, rPois rN+ SInv Stlth+}
   (Trog gifted it to you on level 1 of the Lair of Beasts)

   It inflicts no extra harm, but heals its wielder somewhat when it strikes a
   living foe.
   It protects you from poison.
   It protects you from negative energy.
   It enhances your eyesight.
   It makes you more stealthy.
Armour
 g - a cursed +0 buckler
 h - a +0 pair of boots (worn)
 m - a +2 cloak (worn)
 A - a +2 hat (worn)
 D - a +0 ring mail of magic resistance (worn)
Magical devices
 a - a wand of polymorph (14)
 i - a wand of slowing (9)
 p - a wand of teleportation (9)
 r - a wand of draining (4)
 u - a wand of digging (11)
 z - a wand of polymorph (20)
 F - a wand of lightning (10)
 L - a wand of cold (4) {unknown}
Comestibles
 c - 5 bread rations
 d - a chunk of iguana flesh
 f - 17 cheeses
 B - 4 meat rations
 E - 3 rotting chunks of minotaur flesh
 K - an apple
Scrolls
 e - 5 scrolls of remove curse
 w - 4 scrolls of recharging
 x - 3 scrolls of enchant weapon II
 y - 4 scrolls of teleportation
 C - 2 scrolls of blinking
Jewellery
 k - an amulet of resist mutation (around neck)
 t - a ring of protection from magic (right hand)
 G - a ring of regeneration (left hand)
 J - an uncursed ring of sustain abilities {unknown}
Potions
 b - 6 potions of curing
 j - 8 potions of heal wounds
 l - 2 potions of resistance
 n - a potion of lignification
 o - a potion of haste
 q - a potion of agility
 s - a potion of porridge
 v - 2 potions of might
Miscellaneous
 P - an ornate deck of defence
Rods
 Q - a +3 rod of inaccuracy (9/9)
   (You found it in a labyrinth)
 R - a +3 rod of ignition (12/12)
   (You found it in a labyrinth)


   Skills:
 + Level 3.5 Fighting
 * Level 18.2 Long Blades
 - Level 1.7 Armour
 - Level 12.3 Dodging


You had 11 spell levels left.
You didn't know any spells.

Dungeon Overview and Level Annotations

Branches:
Dungeon (10/15)            Temple (0/1) D:6            Lair (3/8) D:9
    Orc: D:9-12       Swamp: Lair:3-6    Shoals: Lair:3-6     Snake: Lair:3-6
 Spider: Lair:3-6

Altars:
Ashenzari
Dithmenos
Fedhas
Kikubaaqudgha
Makhleb
Nemelex Xobeh
Trog
Xom
The Shining One

Shops:
D:8 :}:![


Message History

The necromancer points at you and mumbles some strange words.
The bolt of cold hits you!
You kill the necromancer!
Trog accepts your kill.
Trog appreciates your killing of a magic user.
The crocodile zombie bites you.
You are too injured to fight recklessly!
You are too injured to fight recklessly!
An electric eel comes into view.
The crocodile zombie bites you!
You destroy the crocodile zombie!
The electric eel shoots out a bolt of electricity!
You destroy the giant slug zombie!
The electric eel shoots out a bolt of electricity!
The bolt of electricity hits you! The komodo dragon zombie bites you!
* * * LOW HITPOINT WARNING * * *
There is an open door here.
The komodo dragon zombie bites you!
You die...

.#..#.##...≈≈≈≈≈≈≈≈≈
##..####..≈≈≈≈≈≈≈≈≈≈
##.#.###P.≈≈≈.....≈≈
#...##....≈≈.#####.≈≈≈≈
##.###.#..≈≈.# #..≈≈≈≈
.#.##..#..≈≈.# #..≈≈≈≈≈
.♣.##.....≈≈.# #...≈;≈≈≈
.........≈≈≈.# #....≈≈≈.
P.♣.#..##≈≈≈.#+###.≈≈..≈..
...###..#≈≈≈.#..@#.≈≈≈....#
...###...≈≈≈.#..Z'..≈....≈.
....#..#≈≈≈≈.#...#....≈≈≈≈.
P.♣######≈≈≈.#####...≈≈≈≈≈.
..♣ #≈≈≈≈.......≈≈≈≈≈≈# ..♣
#≈≈≈≈≈≈....≈≈≈≈≈≈##### ##.#
#≈≈≈≈≈≈≈≈≈≈≈≈≈≈≈≈≈#..####
##
###≈≈≈≈≈≈≈≈≈≈≈≈≈#≈......#
#≈≈≈≈≈≈≈≈≈≈≈≈≈##.#...P##
#≈≈≈≈≈≈≈≈≈≈≈≈###.###....


You could see a komodo dragon zombie.

Vanquished Creatures
  Gastronok (D:9)
  A minotaur (Lab)
  2 hill giants
  A necromancer (Lair:3)
  Pikel (D:7)
  2 cyclopes (D:8)
  2 black mambas (Lair:1)
  3 spiny frogs
  A komodo dragon (Lair:2)
  A minotaur zombie (Lab)
  Prince Ribbit (D:8)
  A deep elf mage (D:8)
  4 blink frogs (Lair:1)
  A spriggan (Lair:1)
  6 trapdoor spiders
  A shadow (Lab)
  3 yaks (Lair:2)
  An ugly thing (D:8)
  Eustachio (D:4)
  6 sharks
  A hippogriff (D:7)
  6 hungry ghosts
  Edmund (D:9)
  Menkaure (D:7)
  2 sky beasts (D:5)
  A necrophage (D:6)
  3 porcupines (Lair:1)
  A black bear (D:7)
  4 water moccasins
  3 ice beasts
  6 ogres
  4 centaurs
  Duvessa (D:7)
  A giant slug (Lair:2)
  5 giant frogs
  Blork the orc (D:7)
  An earth elemental (Lab)
  A giant slug zombie (Lair:3)
  A wyvern zombie (D:7)
  A jelly (D:5)
  A troll skeleton (Lab)
  5 wights (D:7)
  2 spriggan skeletons (Lab)
  3 crimson imps
  3 goliath beetles
  Dowan (D:7)
  An orc priest (D:9)
  A quasit (D:6)
  5 big fish
  2 centaur skeletons (Lab)
  Crazy Yiuf (D:2)
  4 iguanas
  4 hounds
  A black bear zombie (D:6)
  An orc wizard (D:8)
  2 worker ants
  An orange rat (D:7)
  A big kobold zombie (D:6)
  6 sheep (Lair:2)
  A crocodile zombie (Lair:3)
  An ogre skeleton (D:6)
  A hound skeleton (D:6)
  3 gnolls (D:6)
  22 green rats
  An orc skeleton (D:9)
  A steam dragon zombie (D:9)
  2 worms
  15 adders
  5 shadow imps
  2 adder zombies
  2 giant eyeballs
  13 giant geckos
  10 orcs
  19 bats
  6 giant cockroaches
  9 goblins
  12 hobgoblins
  11 jackals
  12 kobolds
  7 quokkas
  A giant gecko zombie (D:6)
  6 giant newts
  A goblin skeleton (D:5)
  A hobgoblin skeleton (D:4)
  A hobgoblin zombie (D:6)
  A quokka skeleton (D:5)
  22 rats
  3 fungi
  A plant (D:4)
322 creatures vanquished.

Vanquished Creatures (collateral kills)
  A hydra (Lair:1)
  A giant frog (Lair:1)
  A green rat (Lair:1)
3 creatures vanquished.

Vanquished Creatures (others)
  An ogre (Lair:1)
  A goblin (D:1)
2 creatures vanquished.

Grand Total: 327 creatures vanquished

Notes
Turn   | Place    | Note
--------------------------------------------------------------
     0 | D:1      | Infinimo, the High Elf Berserker, began the quest for the Orb.
     0 | D:1      | Reached XP level 1. HP: 16/16 MP: 2/2
   270 | D:1      | Reached skill level 4 in Long Blades
   428 | D:1      | Reached XP level 2. HP: 21/21 MP: 3/3
  1120 | D:1      | Reached XP level 3. HP: 13/26 MP: 5/5
  1367 | D:1      | Acquired Trog's second power
  1620 | D:1      | Reached skill level 5 in Long Blades
  2193 | D:2      | Noticed Crazy Yiuf
  2201 | D:2      | Killed Crazy Yiuf
  2201 | D:2      | Reached XP level 4. HP: 20/31 MP: 4/7
  2885 | D:3      | Reached skill level 6 in Long Blades
  3186 | D:3      | Reached XP level 5. HP: 36/36 MP: 8/8
  3364 | D:4      | Noticed Eustachio
  3371 | D:4      | Killed Eustachio
  3371 | D:4      | Reached skill level 7 in Long Blades
  3371 | D:4      | Reached XP level 6. HP: 42/42 MP: 10/10
  3433 | D:4      | Found a shattered altar of Ashenzari.
  3798 | D:4      | Got a distressingly furry scale mail
  3811 | D:4      | Identified the cursed -2 scale mail "Akaett" {+Inv rF+ Int-3} (You found it on level 4 of the Dungeon)
  3949 | D:4      | Found a burning altar of Makhleb.
  4095 | D:4      | Noticed an ogre
  4102 | D:4      | Killed an ogre
  4329 | D:4      | Reached skill level 8 in Long Blades
  4329 | D:4      | Reached skill level 5 in Dodging
  4655 | D:4      | Reached XP level 7. HP: 44/46 MP: 12/12
  4675 | D:5      | Entered Level 5 of the Dungeon
  5405 | D:5      | Reached skill level 9 in Long Blades
  5769 | D:5      | Found an ancient bone altar of Kikubaaqudgha.
  5818 | D:6      | Found a staircase to the Ecumenical Temple.
  6022 | D:6      | Reached XP level 8. HP: 39/52 MP: 13/13
  6027 | D:6      | Acquired Trog's third power
  6239 | D:6      | Reached skill level 10 in Long Blades
  6275 | D:6      | Found a shimmering altar of Xom.
  6288 | D:6      | Found a bloodstained altar of Trog.
  6293 | D:6      | Found a sparkling altar of Nemelex Xobeh.
  6294 | D:6      | Found a blossoming altar of Fedhas.
  6294 | D:6      | Found a shadowy altar of Dithmenos.
  6487 | D:6      | Found a blossoming altar of Fedhas.
  7076 | D:6      | Reached skill level 11 in Long Blades
  7187 | D:7      | Noticed Dowan
  7196 | D:7      | Killed Dowan
  7197 | D:7      | Noticed Duvessa
  7209 | D:7      | Killed Duvessa
  7377 | D:7      | Noticed Menkaure
  7390 | D:7      | Killed Menkaure
  7923 | D:7      | Noticed Blork the orc
  7936 | D:7      | Killed Blork the orc
  8083 | D:7      | Reached XP level 9. HP: 56/56 MP: 15/15
  8175 | D:7      | Reached skill level 12 in Long Blades
  8798 | D:7      | Noticed Pikel
  8808 | D:7      | Killed Pikel
  8808 | D:7      | Reached skill level 13 in Long Blades
  9005 | D:7      | Noticed a hill giant
  9019 | D:7      | Killed a hill giant
  9426 | D:8      | Found Shieheuf's Book Boutique.
  9455 | D:8      | Found Gucvin's Book Shoppe.
  9473 | D:8      | Found Henil's Gadget Shoppe.
  9700 | D:8      | Found an ancient bone altar of Kikubaaqudgha.
  9739 | D:8      | Noticed a cyclops
  9772 | D:8      | Killed a cyclops
  9772 | D:8      | Reached skill level 14 in Long Blades
  9772 | D:8      | Reached XP level 10. HP: 23/63 MP: 17/17
 10065 | D:8      | Noticed a cyclops
 10356 | D:8      | Noticed a hill giant
 10365 | D:8      | Found Shraeng's Antique Armour Emporium.
 10376 | D:8      | Killed a hill giant
 10411 | D:8      | Bought a glowing ring mail for 100 gold pieces
 10582 | D:8      | Bought a shiny chain mail for 112 gold pieces
 10582 | D:8      | Bought a glowing chain mail for 112 gold pieces
 10660 | D:8      | Noticed Prince Ribbit
 10671 | D:8      | Killed Prince Ribbit
 11169 | D:8      | Killed a cyclops
 11169 | D:8      | Reached skill level 15 in Long Blades
 11169 | D:8      | Reached skill level 10 in Dodging
 11552 | D:8      | Found Wuutanopt's Distillery.
 11754 | D:9      | Found a staircase to the Lair.
 11980 | D:9      | Paralysed by a giant eyeball for 3 turns
 11988 | D:9      | Paralysed by a giant eyeball for 2 turns
 12039 | D:9      | Got a smoking falchion
 12042 | D:9      | Identified the +6,+3 falchion of Wanem {flame, Dex+3} (You found it on level 9 of the Dungeon)
 12272 | D:9      | Found a glowing golden altar of the Shining One.
 12520 | D:9      | Noticed Gastronok
 12534 | D:9      | Killed Gastronok
 12534 | D:9      | Reached skill level 16 in Long Blades
 12534 | D:9      | Reached XP level 11. HP: 48/67 MP: 18/18
 12693 | D:9      | Noticed Edmund
 12698 | D:9      | Killed Edmund
 12762 | D:10     | Entered Level 10 of the Dungeon
 12841 | Lair:1   | Entered Level 1 of the Lair of Beasts
 12869 | Lair:1   | HP: 3/67 [porcupine's spines (3)]
 13546 | Lair:1   | Received a gift from Trog
 13877 | Lair:1   | Got a polished great sword {god gift}
 13890 | Lair:1   | Identified the +8,+10 great sword of Breach {vamp, rPois rN+ SInv Stlth+} (Trog gifted it to you on level 1 of the Lair of Beasts)
 13960 | D:8      | Bought a glowing chain mail for 112 gold pieces
 14075 | Lair:1   | Noticed a seven-headed hydra
 14104 | Lair:1   | Killed an eight-headed hydra
 14282 | Lair:2   | Reached skill level 17 in Long Blades
 15375 | Lair:3   | Found a labyrinth entrance.
 15382 | Lab      | Entered a labyrinth
 16993 | Lab      | Noticed a minotaur
 16998 | Lab      | Killed a minotaur
 16998 | Lab      | Reached skill level 18 in Long Blades
 16998 | Lab      | Reached XP level 12. HP: 72/72 MP: 19/19
 17006 | Lab      | Got a scintillating lead ring
 17011 | Lair:3   | Identified the ring of Greed {Contam EV+1} (You found it in a labyrinth)
 17236 | Lair:3   | Received a gift from Trog
 17252 | Lair:3   | Got an ancient great sword {god gift}
 17287 | Lair:3   | Noticed a necromancer
 17291 | Lair:3   | Killed a necromancer
 17308 | Lair:3   | Slain by a komodo dragon zombie

Action                   |  1- 3 |  4- 6 |  7- 9 | 10-12 || total
-------------------------+-------+-------+-------+-------++-------
Melee: Falchion          |   174 |   284 |    50 |       ||   508
       Long sword        |       |       |   458 |   110 ||   568
       Great sword       |       |       |       |   440 ||   440
Invok: Berserk           |     3 |     2 |     8 |     7 ||    20
       Brothers in Arms  |       |       |       |     2 ||     2
Evoke: Wand              |     1 |       |     3 |     1 ||     5
  Use: Scroll            |     2 |    11 |     6 |    18 ||    37
       Potion            |       |       |       |     3 ||     3
 Stab: Sleeping          |       |       |       |     2 ||     2
